 Dungeon Crawl Stone Soup version 0.28.0-53-g5a82cb258f (webtiles) character file.

Game seed: 7941363562943647098

13332 wingedge the Blocker (level 12, -2/106 HPs)
             Began as a Hill Orc Fighter on May 24, 2022.
             Was a Priest of Beogh.
             Slain by a tengu warrior
             ... wielding a +3 battleaxe
              (5 damage)
             ... on level 12 of the Dungeon.
             The game lasted 00:55:35 (14226 turns).

wingedge the Blocker (Hill Orc Fighter)            Turns: 14226, Time: 00:55:36

Health: -2/106     AC: 17    Str: 24    XL:     12   Next: 4%
Magic:  4/12       EV:  9    Int:  8    God:    Beogh [***...]
Gold:   393        SH: 18    Dex: 10    Spells: 11/11 levels left

rFire   . . .      SeeInvis .   a - +0 war axe
rCold   + . .      Faith    .   w - +2 tower shield
rNeg    . . .      Spirit   .   N - +0 plate armour
rPois   .          Reflect  .   M - +2 hat
rElec   .          Harm     .   (no cloak)
rCorr   .          Rampage  .   b - +0 pair of gloves
Will    .....                   (no boots)
Stlth   ..........              o - amulet of the acrobat
HPRegen 0.27/turn               m - +4 ring of evasion
MPRegen 0.13/turn               W - ring of protection from cold

@: on berserk cooldown, slowed, very slow
A: no striking features
a: Renounce Religion, Smiting


You were on level 12 of the Dungeon.
You worshipped Beogh.
Beogh was most pleased with you.
You visited 1 branch of the dungeon, and saw 12 of its levels.

You collected 574 gold pieces.
You spent 181 gold pieces at shops.

Inventory:

Hand Weapons
 a - a +0 war axe (weapon)
 C - a +0 shortbow
 V - a +3 vorpal spear
 X - a +4 battleaxe
Missiles
 l - 3 curare-tipped darts
 x - 3 throwing nets
 P - 4 javelins (quivered)
 Z - 232 arrows
Armour
 b - a +0 pair of gloves (worn)
 g - a +1 ring mail of fire resistance
 w - a +2 tower shield (worn)
 M - a +2 hat (worn)
 N - a +0 plate armour (worn)
Jewellery
 m - a +4 ring of evasion (left hand)
 o - an amulet of the acrobat (around neck)
 r - a ring of protection from fire
 J - a ring of ice
 R - a ring of protection from fire
 S - a ring of see invisible
 W - a ring of protection from cold (right hand)
Wands
 d - a wand of iceblast (20)
 q - a wand of digging (5)
 t - a wand of charming (4)
 F - a wand of polymorph (3)
Scrolls
 c - a scroll of blinking {unknown}
 e - 4 scrolls of fog {unknown}
 f - 2 scrolls of amnesia
 i - 9 scrolls of teleportation
 n - a scroll of fear {unknown}
 y - a scroll of magic mapping
 E - 2 scrolls of torment {unknown}
 H - a scroll of brand weapon {unknown}
 Q - a scroll of vulnerability {unknown}
Potions
 h - 3 potions of brilliance
 p - a potion of mutation
 s - a potion of invisibility {unknown}
 z - 2 potions of flight
 D - 2 potions of magic
 I - 4 potions of ambrosia
 L - a potion of lignification {unknown}


   Skills:
 + Level 10.0 Fighting
 + Level 10.7(11.0) Axes
 - Level 2.8(6.3) Maces & Flails
 - Level 1.0(5.7) Polearms
 - Level 3.0 Bows
 - Level 3.0 Throwing
 + Level 9.7 Armour
 * Level 12.5 Shields
 - Level 4.0 Evocations


You had 11 spell levels left.
You didn't know any spells.
Your spell library contained the following spells:

 Spells                   Type           Power      Damage    Failure   Level
 Foxfire                  Conj/Fire      0%         2x1d4     100%        1
 Shock                    Conj/Air       0%         1d3       100%        1
 Sting                    Tmut/Pois      0%         1d3       100%        1
 Poisonous Vapours        Pois/Air       0%         N/A       100%        2
 Conjure Flame            Conj/Fire      0%         6-21      100%        3
 Inner Flame              Hex/Fire       0%         N/A       100%        3
 Swiftness                Air            0%         N/A       100%        3
 Airstrike                Air            0%         N/A       100%        4
 Animate Dead             Necr           0%         N/A       100%        4
 Flame Wave               Conj/Fire      0%         2d4       100%        4
 Olgreb's Toxic Radiance  Pois           0%         N/A       100%        4
 Borgnjor's Vile Clutch   Necr/Erth      0%         N/A       100%        5
 Death Channel            Necr           0%         N/A       100%        6
 Borgnjor's Revivificati  Necr           0%         N/A       100%        8
 Necromutation            Tmut/Necr      0%         N/A       100%        8
 Death's Door             Necr           0%         N/A       100%        9


Dungeon Overview and Level Annotations

Branches:
Dungeon (12/15)            Temple (0/1) D:4            Lair (0/6) D:10
    Orc: D:9-12

Altars:
Cheibriados
Elyvilon
Gozag
Nemelex Xobeh
Trog
Wu Jian

Shops:
D:7 [   D:9 *

Annotations:
D:5 3 runed translucent doors, Fractals's ghost, novice DsAr; issech's ghost, novice MiMo; jeffwa1876's ghost, amateur DjFE
D:10 1 runed translucent door, exclusion: oklob plant


Message History

* * * LOW HITPOINT WARNING * * *
The tengu warrior misses you.
The tengu warrior claws you but does no damage.
Your orc misses the tengu warrior. Something closely misses you.
Are you sure you want to stumble around while confused and next to your ally the orc?
This could place you under penance!
Okay, then.
The tengu warrior hits you with a +3 battleaxe!
* * * LOW HITPOINT WARNING * * *
The tengu warrior completely misses you.
The tengu warrior claws you.
* * * LOW HITPOINT WARNING * * *
You feel your anger nearly subside. Something hits you but does no damage.
Your orc barely misses the tengu warrior.
You are no longer berserk.
You are exhausted.
You feel yourself slow down.
The tengu warrior hits you with a +3 battleaxe.
* * * LOW HITPOINT WARNING * * *
The tengu warrior barely misses you.
The tengu warrior claws you but does no damage.
You feel less confused.
Your orc hits the tengu warrior from afar with a +0 trident.
You hear some strange, mumbled words.
A magic dart appears from out of thin air!
The magic dart hits you.
* * * LOW HITPOINT WARNING * * *
You block the tengu warrior's attack.
The tengu warrior pecks you but does no damage.
You block the tengu warrior's attack.
You hear some strange, mumbled words.
A puff of flame appears from out of thin air!
The puff of flame hits you but does no damage.
Your orc closely misses the tengu warrior.
You closely miss the tengu warrior.
The tengu warrior is severely wounded.
You barely miss something. The tengu warrior barely misses you.
The tengu warrior pecks you but does no damage.
The tengu warrior claws you.
You die...

####......(.....###
..................##########
....................)......#
.....o............######...#
.....##.<.........# #...#
.....###..........# #...#
...o.# #######....# #...#
....)) #.o..# #...# .......
#..@.# #...### ###....)
#..{Q######.....# ###.)..
####............# .....
#<...........# ...)..
#..######....#
#..#....#.####
######..'....#.#
##.......#....#.#
##........######.#


You could see a tengu warrior (ally target) and a friendly orc.

Vanquished Creatures
  A boulder beetle (D:11)
  Harold (D:9)
  2 two-headed ogres
  Sonja (D:11)
  2 cyclopes (D:12)
  2 centaur zombies (D:11)
  A komodo dragon (D:12)
  2 trolls (D:9)
  A hornet (D:10)
  Grinder (D:5)
  A vampire (D:10)
  2 shadows
  2 wyverns
  21 yaks
  3 vampire mosquitoes (D:10)
  2 steam dragons
  2 black bears
  4 orc warriors
  2 ogres
  3 necrophages
  A sky beast (D:5)
  6 centaurs
  A phantom (D:4)
  3 kobold brigands (D:9)
  2 bullfrogs
  A gnoll sergeant (D:9)
  2 scorpions (D:6)
  A howler monkey (D:6)
  10 wights
  A bullfrog zombie (D:6)
  A centaur skeleton (D:7)
  2 gnoll shamans
  2 hounds
  Crazy Yiuf (D:5)
  A jelly (D:5)
  3 orc priests
  Jessica (D:3)
  3 iguanas
  Ijyb (D:5)
  Natasha (thrice) (D:3)
  6 orc wizards
  2 hound skeletons
  Robin (D:3)
  11 gnolls
  8 adders
  A shadow imp (D:6)
  3 white imps
  An ufetubus (D:5)
  2 worms
  A dart slug (D:2)
  19 orcs
  5 endoplasms
  3 giant cockroaches
  13 goblins
  7 hobgoblins
  13 jackals
  6 quokkas
  6 ball pythons
  6 bats
  8 frilled lizards
  21 kobolds
  7 rats
252 creatures vanquished.

Vanquished Creatures (collateral kills)
  A centaur (D:9)
  3 orcs (D:12)
4 creatures vanquished.

Vanquished Creatures (others)
  An orc wizard (D:12)
  10 orcs
  4 plants (D:10)
  4 withered plants (D:5)
19 creatures vanquished.

Grand Total: 275 creatures vanquished

Notes
Turn   | Place    | Note
-------+----------+-------------------------------------------
     0 | D:1      | wingedge the Hill Orc Fighter began the quest for the Orb.
     0 | D:1      | Reached XP level 1. HP: 19/19 MP: 1/1
   361 | D:1      | Reached XP level 2. HP: 25/27 MP: 2/2
   538 | D:1      | Found a faded altar of an unknown god.
  1009 | D:1      | Reached XP level 3. HP: 25/33 MP: 3/3
  1113 | D:1      | Reached skill level 1 in Maces & Flails
  1707 | D:2      | Reached XP level 4. HP: 41/41 MP: 4/4
  1888 | D:2      | Reached skill level 4 in Shields
  2194 | D:3      | Noticed Natasha
  2199 | D:3      | Killed Natasha
  2257 | D:3      | Reached XP level 5. HP: 47/47 MP: 5/5
  2286 | D:3      | Noticed Natasha
  2293 | D:3      | Killed Natasha
  2296 | D:3      | Noticed Natasha
  2301 | D:3      | Killed Natasha
  2631 | D:3      | Noticed Jessica
  2638 | D:3      | Killed Jessica
  2914 | D:3      | Noticed Robin
  2917 | D:3      | Reached skill level 5 in Fighting
  2926 | D:3      | Killed Robin
  2927 | D:3      | Reached XP level 6. HP: 40/56 MP: 6/6
  3608 | D:4      | Reached skill level 5 in Shields
  3700 | D:4      | Became a worshipper of Beogh the Brigand
  3715 | D:4      | Found a staircase to the Ecumenical Temple.
  3780 | D:4      | Reached skill level 5 in Armour
  3780 | D:4      | Reached XP level 7. HP: 32/61 MP: 7/7
  4052 | D:5      | Entered Level 5 of the Dungeon
  4261 | D:5      | Found a runed translucent gate.
  4261 | D:5      | Found a runed translucent gate.
  4261 | D:5      | Found a runed translucent gate.
  4262 | D:5      | Noticed issech's ghost (novice MiMo)
  4262 | D:5      | Noticed Fractals's ghost (novice DsAr)
  4277 | D:5      | Reached skill level 5 in Axes
  4294 | D:5      | Noticed Grinder
  4302 | D:5      | Paralysed by Grinder for 4 turns
  4316 | D:5      | Killed Grinder
  4317 | D:5      | Reached XP level 8. HP: 26/70 MP: 8/8
  4583 | D:5      | Noticed Ijyb
  4621 | D:5      | Killed Ijyb
  4622 | D:5      | Reached skill level 6 in Shields
  4796 | D:5      | Noticed jeffwa1876's ghost (amateur DjFE)
  4901 | D:5      | Reached * piety under Beogh
  5017 | D:5      | Found a runed translucent door.
  5018 | D:5      | Noticed Crazy Yiuf
  5026 | D:5      | Killed Crazy Yiuf
  5359 | D:5      | Reached skill level 1 in Evocations
  5488 | D:6      | Found a snail-covered altar of Cheibriados.
  5708 | D:6      | Reached XP level 9. HP: 77/79 MP: 9/9
  5741 | D:7      | Found Ricwas's Armour Boutique.
  6196 | D:7      | Bought a +2 tower shield for 181 gold pieces
  6325 | D:6      | Found a white marble altar of Elyvilon.
  6622 | D:7      | Reached ** piety under Beogh
  6902 | D:7      | Found an ornate altar of the Wu Jian Council.
  6959 | D:7      | Reached skill level 7 in Shields
  7078 | D:7      | Found a bloodstained altar of Trog.
  7895 | D:8      | Noticed a two-headed ogre
  7900 | D:8      | Killed a two-headed ogre
  7901 | D:8      | Reached skill level 8 in Shields
  7901 | D:8      | Reached XP level 10. HP: 88/88 MP: 10/10
  8177 | D:8      | Found a sparkling altar of Nemelex Xobeh.
  8325 | D:9      | Reached skill level 9 in Shields
  8567 | D:9      | Found Ytsoaz's Neck Hole.
  8581 | D:9      | Found an opulent altar of Gozag.
  8608 | D:9      | HP: 4/88 [troll (8)]
  8981 | D:9      | Noticed Harold
  9013 | D:9      | Killed Harold
  9014 | D:9      | Reached skill level 10 in Shields
  9094 | D:9      | Reached *** piety under Beogh
  9614 | D:9      | Reached skill level 1 in Polearms
  9884 | D:9      | Reached skill level 11 in Shields
 10255 | D:9      | Reached XP level 11. HP: 75/95 MP: 11/11
 10270 | D:9      | Reached skill level 1 in Bows
 10270 | D:9      | Reached skill level 1 in Throwing
 10939 | D:10     | Entered Level 10 of the Dungeon
 11302 | D:10     | Found a staircase to the Lair.
 11302 | D:10     | Noticed an oklob plant
 11844 | D:10     | Noticed a two-headed ogre
 11851 | D:10     | Killed a two-headed ogre
 11852 | D:10     | Reached skill level 10 in Axes
 11917 | D:10     | Found a runed translucent door.
 11919 | D:10     | Noticed an orc knight
 11920 | D:10     | Noticed a manticore
 11940 | D:10     | Noticed a green ugly thing
 11940 | D:10     | Noticed a deep elf pyromancer
 11940 | D:10     | Noticed a wizard
 11940 | D:10     | Noticed an orc knight
 12207 | D:11     | Noticed Sonja
 12213 | D:11     | Killed Sonja
 12290 | D:11     | Noticed a boulder beetle
 12310 | D:11     | Killed a boulder beetle
 12311 | D:11     | Reached skill level 12 in Shields
 12603 | D:11     | Identified the +0 robe "Tuiqief" {rF+}
 13140 | D:12     | Noticed a cyclops
 13155 | D:12     | Killed a cyclops
 13517 | D:12     | Noticed a cyclops
 13542 | D:12     | Killed a cyclops
 13543 | D:12     | Reached XP level 12. HP: 101/106 MP: 12/12
 13598 | D:12     | Reached skill level 10 in Fighting
 13867 | D:12     | Noticed a tengu warrior
 14225 | D:12     | HP: 2/106 [something/magic dart (6)]
 14226 | D:12     | Slain by a tengu warrior

Illustrated notes

Levels and vault maps discovered:
D:1:      sevenhm_arrival_forest_fort_large_2, layout_basic,
          hellmonk_ecumenical_altar_blasted
D:2:      layout_basic, minivault_26, minmay_lizard_pond
D:3:      layout_loops_ring, serial_co_window_serial, co_window_paths_b,
          co_window_of_opportunity_a, co_window_of_opportunity_a,
          co_window_corner_a, co_window_of_opportunity_a,
          co_window_of_opportunity_a, co_window_corner_a, co_window_2corner,
          co_window_of_opportunity_b, co_window_of_opportunity_b,
          co_window_of_opportunity_b, co_window_2corner, co_window_paths_e,
          glass_columns_a, glass_columns_c, glass_columns_a, uniq_natasha,
          uniq_robin, uniq_jessica
D:4:      layout_rooms, temple_statues
D:5:      layout_cave_pools, gammafunk_ghost_cemetery, uniq_grinder,
          uniq_crazy_yiuf_cottage, uniq_ijyb
D:6:      layout_basic, lemuel_round_altar, lemuel_round_altar
D:7:      layout_basic, mainiacjoe_overflow_brackets, general_overflow_altar,
          serial_shops, shop
D:8:      layout_rooms, nemelex_altar_shiori, chequers_serial_rivers_small_b
D:9:      layout_cave_pods, nicolae_gozag_seed_capital,
          nicolae_shop_sticking_my_neck_out, uniq_harold
D:10:     minmay_the_grid_triangle_9x9_recursive_2
          [minmay_the_grid_triangle_9x9_prize_center,
          minmay_the_grid_triangle_9x9_subtriangle,
          minmay_the_grid_triangle_9x9_impossible_snake,
          minmay_the_grid_triangle_9x9_checkered], layout_gridville,
          dpeg_oklobed_lair, special_room [special_room_kobold]
D:11:     layout_roguey, uniq_sonja
D:12:     layout_irregular_city, hiddenorc1_lemuel, uniq_rupert, uniq_josephine

Skill      XL: |  1  2  3  4  5  6  7  8  9 10 11 12 |
---------------+-------------------------------------+-----
Fighting       | 4 5 6 7 8 9 10 | 10.0
Maces & Flails | 1 2 |  2.8
Shields        | 4 5 6 8 11 12 | 12.5
Armour         | 4 5 6 7 8 9 |  9.7
Axes           | 4 6 7 8 9 10 | 10.7
Evocations     | 2 4 |  4.0
Polearms       | 1 |  1.0
Bows           | 3 |  3.0
Throwing       | 3 |  3.0

Action                   |  1- 3 |  4- 6 |  7- 9 | 10-12 || total
-------------------------+-------+-------+-------+-------++-------
Melee: War axe           |   115 |   157 |   291 |   389 ||   952
       Spear             |       |       |       |    21 ||    21
Throw: Throwing net      |       |     2 |       |       ||     2
       Javelin           |       |       |       |    16 ||    16
Invok: Convert to Beogh  |       |     1 |       |       ||     1
       Smiting           |       |       |       |     5 ||     5
Evoke: Wand              |       |       |    16 |    15 ||    31
  Use: Potion            |       |     1 |     7 |     4 ||    12
       Scroll            |       |     5 |     4 |    12 ||    21
 Stab: Paralysed         |       |       |       |     8 ||     8
       Distracted        |       |       |       |     1 ||     1
Armor: Scale mail        |    74 |    59 |       |       ||   133
       Ring mail         |       |       |    78 |       ||    78
       Plate armour      |       |       |     6 |   203 ||   209
Dodge: Dodged            |    59 |   116 |   188 |   120 ||   483
Block: Buckler           |    31 |    43 |    55 |       ||   129
       Tower shield      |       |       |    73 |   499 ||   572
